 Dungeon Crawl Stone Soup version 0.25-a0-44-g29a1220 (webtiles) character file.

Game seed: 5428403327569733603, levelgen mode: deterministic

740 TheGoonsmith the Slasher (level 7, -14/52 HPs)
             Began as a Demonspawn Gladiator on Oct 22, 2019.
             Blown up by Pikel (32 damage)
             ... with a disintegration bolt
             ... on level 4 of the Dungeon on Oct 23, 2019.
             The game lasted 00:09:41 (4503 turns).

TheGoonsmith the Slasher (Demonspawn Gladiator)     Turns: 4503, Time: 00:09:41

Health: -14/52     AC:  9    Str: 17    XL:     7   Next: 46%
Magic:  16/16      EV: 10    Int:  9    God:
Gold:   169        SH:  0    Dex: 14    Spells: 6/6 levels left

rFire    . . .     SeeInvis .   a - +2 great sword
rCold    + . .     Gourm    .   (shield currently unavailable)
rNeg     . . .     Faith    .   y - +0 scale mail
rPois    .         Spirit   .   c - +1 helmet
rElec    .         Reflect  .   A - +0 cloak
rCorr    .         Harm     .   (no gloves)
MR       .....                  (boots unavailable)
Stlth    ..........             (no amulet)
HPRegen  0.17/turn              h - ring of magical power
MPRegen  0.15/turn              s - ring of protection from cold

@: lightly drained
A: claws 1, talons 3, spiny 1
a: no special abilities


You were on level 4 of the Dungeon.
You were not hungry.

You visited 1 branch of the dungeon, and saw 4 of its levels.
You also visited: Sewer.

You collected 169 gold pieces.

Inventory:

Hand Weapons
 a - a +2 great sword (weapon)
 b - a +0 hunting sling
 x - a +0 long sword
Missiles
 d - 2 throwing nets (quivered)
 g - 165 stones
 l - 36 sling bullets
Armour
 c - a +1 helmet (worn)
 e - a +0 leather armour
 v - the cursed +1 leather armour of the Prince {Dex+3}
   (You found it in a sewer)

   It affects your dexterity (+3).
   It has a curse placed upon it.
 y - a +0 scale mail (worn)
 A - a +0 cloak (worn)
Jewellery
 h - a ring of magical power (left claw)
 s - a ring of protection from cold (right claw)
Scrolls
 j - a scroll of amnesia
 k - a scroll of magic mapping
 n - 3 scrolls of teleportation
 q - a scroll of remove curse
 r - 3 scrolls of immolation
 t - a scroll of identify
Potions
 i - 9 potions of heal wounds
 m - a potion of lignification {unknown}
 o - 4 potions of curing {unknown}
 p - 3 potions of might {unknown}
 u - a potion of brilliance {unknown}
Comestibles
 f - 7 rations
 w - 2 chunks of flesh


   Skills:
 + Level 3.3(3.1) Fighting
 * Level 6.2(6.1) Long Blades
 - Level 3.7(3.8) Slings
 - Level 1.7(2.8) Throwing
 + Level 0.9(0.8) Armour
 - Level 3.0(2.8) Dodging


You had 6 spell levels left.
You didn't know any spells.
Your spell library was empty.

Dungeon Overview and Level Annotations

Branches:
Dungeon (4/15)              Sewer (visited)
 Temple: D:4-7

Altars:
Xom

Annotations:
D:4 Pikel


Innate Abilities, Weirdness & Mutations

You have sharp fingernails.
You have claws for feet.
You are partially covered in sharp spines.


Message History

Pikel hits you but does no damage.
You barely miss Pikel.
Pikel is heavily wounded.
Pikel hits you but does no damage. Pikel is struck by your spines.
Pikel hits you but does no damage.
You miss Pikel. Your kick misses Pikel.
Pikel is severely wounded.
Pikel zaps a wand.
You are blasted!
* * * LOW HITPOINT WARNING * * *
You barely miss Pikel.
Pikel is severely wounded.
Pikel is struck by your spines.
Pikel hits you with a +2 whip of flaming.
* * * LOW HITPOINT WARNING * * *
Pikel burns you.
* * * LOW HITPOINT WARNING * * *
Pikel misses you.
You feel much better.
Pikel zaps a wand.
You are blasted!
Ouch! That really hurt!
You die...

***** *,,,* #...# #...#
##### #...#
############....
#..p########............###
#p.K#ppppK@..############**
#..p#.#####...........,,,,,
#...#.## ##.#########*****
#..p#p.# #.##
#...##.#####..# #####
##..##.....##.# ##...#
#..........#.#####..#.##
#.#######..#...##..##..###
#.* #..)##.##.####....


You could see Pikel and 4 slaves.

Vanquished Creatures
  Menkaure (D:4)
  An ogre (D:4)
  A howler monkey (D:4)
  A bullfrog skeleton (D:4)
  4 orc wizards
  Crazy Yiuf (D:3)
  Terence (D:3)
  2 hound skeletons (D:4)
  3 gnolls (D:4)
  4 adders
  7 river rats
  An ooze (D:4)
  4 dart slugs
  8 leopard geckos
  15 orcs
  6 ball pythons
  6 bats
  3 giant cockroaches
  7 goblins
  7 hobgoblins
  6 frilled lizards
  26 kobolds
  26 rats
141 creatures vanquished.

Notes
Turn   | Place    | Note
-------+----------+-------------------------------------------
     0 | D:1      | TheGoonsmith the Demonspawn Gladiator began the quest for
                  | the Orb.
     0 | D:1      | Reached XP level 1. HP: 16/16 MP: 1/1
   198 | D:1      | Reached skill level 3 in Long Blades
   198 | D:1      | Gained mutation: You have sharp toenails. [demonic
                  | ancestry]
   198 | D:1      | Reached XP level 2. HP: 22/22 MP: 2/2
   993 | D:2      | Gained mutation: You have razor-sharp toenails. [demonic
                  | ancestry]
   993 | D:2      | Reached XP level 3. HP: 17/28 MP: 3/3
  1459 | D:2      | Reached skill level 1 in Slings
  1664 | D:2      | Gained mutation: You have claws for feet. [demonic
                  | ancestry]
  1664 | D:2      | Reached XP level 4. HP: 16/34 MP: 4/4
  2388 | D:3      | Reached skill level 4 in Long Blades
  2628 | D:3      | Noticed Terence
  2676 | D:3      | Gained mutation: You are partially covered in sharp spines.
                  | [demonic ancestry]
  2676 | D:3      | Reached XP level 5. HP: 39/41 MP: 5/5
  2962 | D:3      | Upgraded the game from 0.25-a0-42-g6c54e25 to
                  | 0.25-a0-44-g29a1220
  2967 | D:3      | Killed Terence
  3147 | D:3      | Found a runed translucent door.
  3148 | D:3      | Noticed Crazy Yiuf
  3156 | D:3      | Killed Crazy Yiuf
  3499 | D:4      | Reached skill level 5 in Long Blades
  3499 | D:4      | Gained mutation: You have sharp fingernails. [demonic
                  | ancestry]
  3499 | D:4      | Reached XP level 6. HP: 43/47 MP: 6/6
  3577 | D:4      | Found a glowing drain.
  3581 | Sewer    | Entered a sewer
  3862 | Sewer    | Got a twisted leather armour
  3863 | Sewer    | Identified the cursed +1 leather armour of the Prince
                  | {Dex+3} (You found it in a sewer)
  4065 | D:4      | Noticed Menkaure
  4070 | D:4      | Killed Menkaure
  4070 | D:4      | Reached skill level 6 in Long Blades
  4070 | D:4      | Reached XP level 7. HP: 52/52 MP: 7/7
  4401 | D:4      | Found a shimmering altar of Xom.
  4469 | D:4      | Noticed Pikel
  4502 | D:4      | HP: 2/52 [Pikel/+2 whip of flaming (1)]
  4503 | D:4      | Blown up by Pikel

Levels and vault maps discovered:
D:1:      dpeg_arrival_water_temple_mockup, layout_basic, minmay_statues_item,
          st_stairs_8
D:2:      layout_loops_ring, first_ration, kennysheep_generic_room_6
D:3:      layout_rooms, uniq_terence, uniq_crazy_yiuf_cottage
D:4:      layout_rooms, gup_sewer_entry_bowl, tgw_xom, uniq_menkaure, uniq_pikel

Skill      XL: |  1  2  3  4  5  6 |
---------------+-------------------+-----
Long Blades    | 3 4 5 6 |  6.2
Dodging        | 3 |  3.0
Slings         | 1 2 3 |  3.7
Fighting       | 3 |  3.3
Throwing       | |  1.7
Armour         | |  0.9

Action                   |  1- 3 |  4- 6 |  7- 9 || total
-------------------------+-------+-------+-------++-------
Melee: Long sword        |    31 |    20 |       ||    51
       Kick              |    10 |    29 |    14 ||    53
       Great sword       |       |    73 |    38 ||   111
 Fire: Hunting sling     |    97 |    69 |       ||   166
Throw: Throwing net      |       |     1 |       ||     1
  Use: Scroll            |       |    11 |     1 ||    12
       Potion            |       |       |     1 ||     1
  Eat: Chunk             |     2 |     4 |     2 ||     8
       Ration            |       |     1 |       ||     1
Armor: Leather armour    |    15 |    12 |       ||    27
       Scale mail        |       |    29 |    15 ||    44
Dodge: Dodged            |    40 |    79 |    16 ||   135
       Rpst.: Long sword |     3 |     1 |       ||     4
       Great sword       |       |    19 |     5 ||    24

Table legend:
 A = Non-vault XP
 B = Vault XP
 C = Vault XP percentage of total XP
 D = Non-vault monster count
 E = Vault monster count
 F = Vault count percentage of total count
                 A         B        C        D         E       F
            +---------+---------+-------+---------+---------+-------
      Total |     603 |     455 |  43.0 |      78 |      63 |  44.7
            +---------+---------+-------+---------+---------+-------
        D:1 |      31 |       6 |  16.2 |      18 |       3 |  14.3
        D:2 |      53 |      14 |  20.9 |      20 |       2 |   9.1
        D:3 |     180 |      75 |  29.4 |      22 |       2 |   8.3
        D:4 |     339 |     230 |  40.4 |      18 |       8 |  30.8
      Sewer |       0 |     130 | 100.0 |       0 |      48 | 100.0
            +---------+---------+-------+---------+---------+-------
